 Dungeon Crawl Stone Soup version 0.20-a0-550-gf70bbbc (webtiles) character file.

52012 Asddderdsw the Destroyer (level 14, 0/160 HPs)
             Began as a Black Draconian Conjurer on Feb 1, 2017.
             Slain by a slime creature (4 damage)
             ... on level 15 of the Dungeon on Feb 2, 2017.
             The game lasted 03:07:44 (16763 turns).

Asddderdsw the Destroyer (DrCj)                    Turns: 16763, Time: 03:07:45

Health: 0/160      AC: 32    Str: 15    XL:     14   Next: 25%
Magic:  0/37       EV:  2    Int: 19    God:
Gold:   807        SH:  6    Dex: 13    Spells: 9/33 levels left

rFire    . . .     SeeInvis .   p - +2 flail (protect)
rCold    . . .     Gourm    .   (armour unavailable)
rNeg     + + +     Faith    .   v - +0 buckler
rPois    +         Spirit   .   (helmet currently unavailable)
rElec    +         Reflect  .   (cloak currently unavailable)
rCorr    .         Harm     .   (gloves currently unavailable)
MR       ++...     NoTele   +   (boots currently unavailable)
Stlth    +++.......             M - amulet of Egerijad {+Fly rElec Regen+ Str+4}
Regen    0.8/turn               d - +5 ring of protection
                                V - ring of magical power

@: short of breath, tree-form
A: (breathe lightning), unfitting armour, (big wings), magic resistance 1,
(poison resistance), (electricity resistance), teleportitis 1, evolution 1,
(cold-blooded), AC +8
a: no special abilities


You were on level 15 of the Dungeon.
You were full.
You were a tree.
You visited 3 branches of the dungeon, and saw 17 of its levels.
You also visited: Bailey and Ice Cave.

You collected 1059 gold pieces.
You spent 252 gold pieces at shops.

Inventory:

Hand Weapons
 k - a +0 dagger of venom
 p - a +2 flail of protection (weapon)
 z - a +2 scimitar of flaming
 H - a +1 whip of freezing
 U - a +4 dagger of draining
Missiles
 g - 487 stones (quivered)
 R - 2 throwing nets
 W - 30 tomahawks of returning
Armour
 j - a +0 pair of gloves (melded)
 m - a +2 pair of boots (melded)
 v - a +0 buckler (worn)
 I - a +0 cloak (melded)
 K - a +0 shield
Magical Staves
 o - an uncursed staff of power
Jewellery
 c - a +3 ring of slaying
 d - a +5 ring of protection (right branch)
 i - an uncursed ring of ice
 l - the ring "Etoileb" {+Fly rF+ rC- rN+ Str+7}
   (You found it in a bailey)

   [ring of flight]

   It affects your strength (+7).
   It protects you from fire.
   It makes you vulnerable to cold.
   It protects you from negative energy.
   It lets you fly.
 n - an uncursed amulet of guardian spirit
 q - an uncursed ring of magical power
 s - an uncursed amulet of rage
 E - a +6 ring of dexterity
 M - the amulet of Egerijad (around neck) {+Fly rElec Regen+ Str+4}
   (You found it on level 12 of the Dungeon)

   [amulet of regeneration]

   It affects your strength (+4).
   It insulates you from electricity.
   It lets you fly.
   It increases your rate of regeneration.
 O - a +3 ring of protection
 P - a +6 ring of intelligence
 V - a ring of magical power (left branch)
Wands
 x - a wand of disintegration (20/24)
 C - a wand of polymorph (13/24)
 D - a wand of random effects (25/48)
 L - a wand of iceblast (7/15)
 Q - a wand of enslavement (2/24)
Scrolls
 f - 5 scrolls of remove curse
 r - 6 scrolls of amnesia
Potions
 u - 4 potions of mutation
 A - a potion of cure mutation
 G - a potion of lignification
 N - a potion of resistance
 S - a potion of might
 T - 7 potions of flight
 X - a potion of brilliance
Books
 a - a book of Conjurations

   Spells                             Type                      Level
   a - Magic Dart                     Conjuration                  1
   b - Searing Ray                    Conjuration                  2
   c - Dazzling Spray                 Conjuration/Hexes            3
   d - Fulminant Prism                Conjuration/Hexes            4
   e - Iskenderun's Mystic Blast      Conjuration                  4
   f - Iskenderun's Battlesphere      Conjuration/Charms           5
 F - a book of Party Tricks

   Spells                             Type                      Level
   a - Summon Butterflies             Summoning                    1
   b - Apportation                    Translocation                1
   c - Lesser Beckoning               Translocation                3
   d - Tukima's Dance                 Hexes                        3
   e - Alistair's Intoxication        Transmutation/Poison         5
   f - Invisibility                   Hexes                        6
Comestibles
 b - 9 bread rations
 h - 9 meat rations


   Skills:
 + Level 5.2 Fighting
 + Level 4.2 Short Blades
 + Level 6.4(7.1) Maces & Flails
 + Level 4.7(6.3) Staves
 - Level 0.3 Throwing
 + Level 6.5 Dodging
 + Level 5.7 Stealth
 + Level 9.8 Shields
 + Level 10.1 Spellcasting
 + Level 11.3 Conjurations
 + Level 6.1 Hexes
 + Level 2.8 Charms
 + Level 0.4 Summonings
   Level 2.6 Air Magic
 + Level 3.3 Evocations


You had 9 spell levels left.
You knew the following spells:

 Your Spells              Type           Power        Failure   Level  Hunger
a - Magic Dart            Conj           ####         1%          1    None
b - Searing Ray           Conj           ######       1%          2    None
c - Dazzling Spray        Conj/Hex       #####.       1%          3    None
d - Iskenderun's Mystic   Conj           ######..     1%          4    ##.....
e - Fulminant Prism       Conj/Hex       #####.....   1%          4    ##.....
f - Iskenderun's Battles  Conj/Chrm      #####...     12%         5    #####..
g - Tukima's Dance        Hex            ####....     1%          3    None
h - Apportation           Tloc           #.....       10%         1    None
i - Summon Butterflies    Summ           ##......     10%         1    None


Dungeon Overview and Level Annotations

Branches:
Dungeon (15/15)            Temple (1/1) D:7            Lair (1/6) D:9
    Orc (0/2) D:9          Depths (0/5) D:15
 Vaults: D:13-14

Altars:
Ashenzari
Dithmenos
Elyvilon
Fedhas
Gozag
Hepliaklqana
Kikubaaqudgha
Makhleb
Nemelex Xobeh
Okawaru
Ru
Sif Muna
Trog
Uskayaw
Vehumet
Xom
Zin
The Shining One

Shops:
D:4 =   D:6 !

Annotations:
D:4 Menkaure
D:14 Agnes, Kirke, Snorg
Lair:1 exclusion: 2 oklob plants


Innate Abilities, Weirdness & Mutations

((You can breathe wild blasts of lightning.))
((Your glossy black scales are hard. (AC +8)))
You cannot fit into any form of body armour.
((Your large and strong wings let you fly indefinitely.))
((You are resistant to electric shocks. (rElec)))
((You are cold-blooded and may be slowed by cold attacks.))
You are resistant to hostile enchantments. (MR+)
((Your system is resistant to poisons. (rPois)))
You are occasionally teleported next to monsters.
You evolve.


Message History

Okay, then.
Okay, then.
Okay, then.
As you read the scroll of magic mapping, it crumbles to dust.
You feel aware of your surroundings.
You sensed 1 altar.
The slime creature hits you but does no damage.
You block the slime creature's attack.
The large slime creature hits you but does no damage.
The slime creature hits you but does no damage.
The large slime creature hits you but does no damage.
The large slime creature hits you!
* * * LOW HITPOINT WARNING * * *
Unknown command.
Casting: Fulminant Prism
Confirm with . or Enter, or press ? or * to list all spells.
Aiming: Fulminant Prism
Press: ? - help, Dir - move target cursor You conjure a prism of explosive energy!
The slime creature hits you.
You die...

*,,,,,,,,...####* ##.#### #
*,*,#...........## #....###
*,*,.............####C......
*,*,...................C..##
***,,,..bO....h.....###.*../#
*,,,,,.....b.h......# ####.##
****,,,,,....bb..*(....#
#...#
,,,,,,,,,......JJJ...%.#
#####
****,,,,,......J♣JC...##
*,,,,,......#bJ...##
*,,,,,....#*#######
*,,,,,...,* ******#****


You could see 3 large slime creatures, 3 slime creatures, an ogre mage, a
cyclops, 2 hogs and a friendly fulminant prism.

Vanquished Creatures
  An orc warlord (Bailey)
  4 two-headed ogres
  Urug (D:12)
  2 hell knights (D:11)
  Nergalle (Lair:1)
  2 unseen horrors
  Pikel (D:6)
  2 ugly things
  2 cyclopes
  2 manticores
  A gargoyle (D:13)
  3 centaur skeletons
  2 tengu conjurers (D:9)
  2 trolls
  7 slime creatures
  Grinder (D:6)
  3 hippogriffs
  2 shadows
  Sigmund (D:3)
  2 hogs (D:14)
  18 yaks
  A hungry ghost (D:12)
  3 acid dragons
  Edmund (D:6)
  2 soldier ants
  3 hell hounds (D:11)
  3 sky beasts
  2 water moccasins
  13 orc warriors
  A slave (D:6)
  2 black bears (D:7)
  10 ice beasts
  2 necrophages
  4 phantoms
  10 ogres
  A boggart (D:15)
  9 centaurs
  A big kobold (D:9)
  A crocodile (Lair:1)
  10 bullfrogs
  5 scorpions
  14 killer bees
  5 wights (D:11)
  An electric eel (D:9)
  3 howler monkeys (D:11)
  5 crimson imps
  3 centaur zombies
  A quasit (D:10)
  A bullfrog zombie (D:10)
  9 hounds
  3 bullfrog skeletons
  16 orc priests
  17 orc wizards
  4 iguanas
  9 worker ants
  A hound zombie (D:9)
  A hound skeleton (D:11)
  9 gnolls
  A howler monkey skeleton (D:4)
  7 adders
  4 shadow imps
  An ooze (D:5)
  An adder skeleton (D:7)
  4 worms
  3 dart slugs
  6 leopard geckos
  57 orcs
  2 ball pythons
  7 giant cockroaches
  9 goblins
  7 hobgoblins
  11 jackals
  3 quokkas
  5 bats
  6 frilled lizards
  A jackal zombie (D:6)
  25 kobolds
  A leopard gecko skeleton (D:7)
  A quokka skeleton (D:6)
  3 rats
  2 fulminant prisms
413 creatures vanquished.

Vanquished Creatures (collateral kills)
  An efreet (D:15)
1 creature vanquished.

Vanquished Creatures (others)
  2 slaves (D:6)
  A boggart (D:15)
  A water moccasin zombie (D:6)
  A hound (D:6)
  2 worker ants
  101 fulminant prisms
  2 plants (Lair:1)
110 creatures vanquished.

Grand Total: 524 creatures vanquished

Notes
Turn   | Place    | Note
-------+----------+-------------------------------------------
     0 | D:1      | Asddderdsw the Draconian Conjurer began the quest for the Orb.
     0 | D:1      | Reached XP level 1. HP: 14/14 MP: 3/3
   125 | D:1      | Reached XP level 2. HP: 9/20 MP: 0/5
  1206 | D:2      | Reached XP level 3. HP: 23/26 MP: 1/6
  1211 | D:2      | Learned a level 2 spell: Searing Ray
  1215 | D:2      | Learned a level 3 spell: Dazzling Spray
  1551 | D:3      | Reached skill level 1 in Maces & Flails
  1580 | D:3      | Found a hazy altar of Hepliaklqana.
  1612 | D:3      | Noticed Sigmund
  1877 | D:3      | Found a burning altar of Makhleb.
  1881 | D:3      | Reached XP level 4. HP: 34/34 MP: 7/7
  2205 | D:3      | Killed Sigmund
  2205 | D:3      | Reached skill level 1 in Fighting
  2205 | D:3      | Reached skill level 5 in Conjurations
  2205 | D:3      | Reached XP level 5. HP: 40/40 MP: 3/9
  2468 | D:3      | Upgraded the game from 0.20-a0-549-g403078a to 0.20-a0-550-gf70bbbc
  2566 | D:4      | Reached XP level 6. HP: 47/47 MP: 10/10
  2598 | D:5      | Entered Level 5 of the Dungeon
  2694 | D:3      | Learned a level 4 spell: Iskenderun's Mystic Blast
  2806 | D:4      | Reached skill level 1 in Shields
  2987 | D:4      | Found Gulirch's Jewellery Boutique.
  3092 | D:4      | Your scales start taking on a glossy black colour.
  3092 | D:4      | Reached XP level 7. HP: 51/52 MP: 6/12
  3092 | D:4      | Gained mutation: You are resistant to electric shocks. (rElec) [Black Draconian growth]
  3140 | D:4      | Noticed Menkaure
  3368 | D:5      | Reached skill level 1 in Hexes
  3528 | D:5      | Reached skill level 1 in Staves
  3528 | D:5      | Reached skill level 6 in Conjurations
  3704 | D:5      | Learned a level 4 spell: Fulminant Prism
  3828 | D:5      | Reached XP level 8. HP: 47/60 MP: 14/14
  3898 | D:5      | Reached skill level 1 in Short Blades
  4342 | D:5      | Found a glowing silver altar of Zin.
  4555 | D:5      | Found a shadowy altar of Dithmenos.
  4738 | D:6      | Noticed Pikel
  4740 | D:6      | Noticed Edmund
  4772 | D:6      | Killed Pikel
  4772 | D:6      | Reached skill level 5 in Spellcasting
  4881 | D:5      | Reached skill level 7 in Conjurations
  5031 | D:6      | Reached XP level 9. HP: 57/67 MP: 16/16
  5114 | D:6      | Noticed Grinder
  5146 | D:6      | Killed Grinder
  5241 | D:6      | Killed Edmund
  5430 | D:6      | Found Oxegin's Distillery.
  5439 | D:6      | Bought a potion of curing for 36 gold pieces
  5439 | D:6      | Bought a potion of resistance for 120 gold pieces
  5439 | D:6      | Bought a potion of berserk rage for 60 gold pieces
  5439 | D:6      | Bought a potion of curing for 36 gold pieces
  5452 | D:6      | Found a sacrificial altar of Ru.
  5814 | D:7      | Noticed a troll
  5829 | D:7      | Killed a troll
  6157 | D:7      | Found a bloodstained altar of Trog.
  6340 | D:7      | Found a staircase to the Ecumenical Temple.
  6350 | Temple   | Entered the Ecumenical Temple
  6465 | D:7      | Reached skill level 5 in Shields
  6533 | D:8      | Found a blossoming altar of Fedhas.
  6541 | D:8      | Reached skill level 8 in Conjurations
  6543 | D:8      | Reached XP level 10. HP: 74/74 MP: 16/19
  6596 | D:8      | Noticed a two-headed ogre
  6820 | D:8      | Found a glowing silver altar of Zin.
  6892 | D:9      | Noticed a two-headed ogre
  6952 | D:8      | Found a flagged portal.
  6974 | D:8      | Learned a level 5 spell: Iskenderun's Battlesphere
  6975 | Bailey   | Entered a bailey
  7003 | Bailey   | Noticed an orc warlord
  7514 | Bailey   | Found a runed gate.
  7517 | Bailey   | Found a runed gate.
  7523 | Bailey   | Found a runed gate.
  7834 | Bailey   | Killed an orc warlord
  7911 | Bailey   | Got a vibrating glass ring
  7972 | Bailey   | Identified the ring "Etoileb" {+Fly rF+ rC- rN+ Str+7} (You found it in a bailey)
  8069 | D:8      | Killed a two-headed ogre
  8069 | D:8      | Reached skill level 9 in Conjurations
  8635 | D:9      | Noticed a two-headed ogre
  8661 | D:9      | Killed a two-headed ogre
  8661 | D:9      | Reached XP level 11. HP: 65/81 MP: 22/22
  9309 | D:9      | Killed a two-headed ogre
  9424 | D:9      | Found a staircase to the Orcish Mines.
  9497 | D:9      | Found a staircase to the Lair.
  9647 | D:9      | Gained mutation: Your system is resistant to poisons. (rPois) [mutagenic meat]
  9648 | D:9      | Gained mutation: You are resistant to hostile enchantments. (MR+) [mutagenic meat]
  9649 | D:9      | Gained mutation: You are occasionally teleported next to monsters. [mutagenic meat]
  9650 | D:9      | Gained mutation: You evolve. [mutagenic meat]
  9773 | Lair:1   | Entered Level 1 of the Lair of Beasts
  9784 | Lair:1   | Noticed Nergalle
  9811 | Lair:1   | Noticed a spectral orc warlord
  9814 | Lair:1   | Killed Nergalle
  9858 | Lair:1   | Noticed an oklob plant
  9859 | Lair:1   | Noticed an oklob plant
  9957 | Lair:1   | Noticed a six-headed hydra
 10202 | D:10     | Entered Level 10 of the Dungeon
 10483 | D:10     | Reached skill level 5 in Dodging
 10483 | D:10     | Reached skill level 5 in Stealth
 10483 | D:10     | Reached skill level 10 in Conjurations
 10483 | D:10     | Reached skill level 1 in Charms
 10483 | D:10     | Reached XP level 12. HP: 91/91 MP: 24/24
 10505 | D:10     | Reached skill level 5 in Maces & Flails
 10505 | D:10     | Reached skill level 5 in Hexes
 10505 | D:10     | Reached XP level 13. HP: 93/99 MP: 25/25
 11898 | D:11     | Found a frozen archway.
 11912 | IceCv    | Entered an ice cave
 13262 | D:12     | Learned a level 3 spell: Tukima's Dance
 13264 | D:12     | Learned a level 1 spell: Apportation
 13266 | D:12     | Learned a level 1 spell: Summon Butterflies
 13596 | D:12     | Noticed Urug
 13614 | D:12     | Killed Urug
 13785 | D:12     | Got a scorched sapphire amulet
 13787 | D:12     | Identified the amulet of Egerijad {+Fly rElec Regen+ Str+4} (You found it on level 12 of the Dungeon)
 14585 | D:13     | Gained mutation: Your large and strong wings let you fly indefinitely. [Black Draconian growth]
 14585 | D:13     | Reached XP level 14. HP: 38/105 MP: 8/27
 14656 | D:13     | Reached skill level 11 in Conjurations
 15321 | D:13     | Reached skill level 5 in Fighting
 15536 | D:14     | Noticed Agnes
 16178 | D:14     | Noticed Snorg
 16246 | D:14     | Noticed Kirke
 16277 | D:14     | Reached skill level 10 in Spellcasting
 16501 | D:15     | Entered Level 15 of the Dungeon
 16550 | D:15     | Found a burning altar of Makhleb.
 16762 | D:15     | HP: 3/160 [large slime creature (7)]
 16763 | D:15     | Slain by a slime creature

Vault maps used:
D:1:      elethiomel_arrival_infinity_welcomes_careful_drivers
D:2:      nicolae_qazlal_general_emergency, gammafunk_temple_overflow_elements,
          minmay_bisected
D:3:      old_standard_altar, first_bread, makhleb_heckhound_becter,
          uniq_sigmund
D:4:      serial_shops, nicolae_shop_behind_doors, uniq_menkaure
D:5:      zin_scriptorium, basic_altar, lightli_sewer_entry_pipes, serial_glass,
          glass_columns_b, glass_columns_b, glass_columns_a, glass_columns_b,
          glass_columns_b, glass_columns_a, feat_on_display, item_on_display_b,
          minmay_strange_pillars, minmay_strange_pillars
D:6:      serial_glass, glass_columns_a, glass_columns_b, glass_columns_c,
          glass_columns_c, glass_columns_a, serial_shops, shop,
          hangedman_ru_absence, uniq_pikel, uniq_grinder, uniq_edmund
D:7:      trog_ov_bears_minmay, minmay_temple_entry_fiery, grunt_ogre_cave
D:8:      fedhas_altar_2, basic_altar, enter_bailey_3
D:9:      lair_entry_dummy, erik_orc_2
D:11:     portal_ice_cave_entry_pillars_2, minmay_rotating_lava
D:12:     uniq_urug
D:14:     david_vaults_2, uniq_kirke, uniq_agnes, uniq_snorg
D:15:     hangedman_depths_entry_civil_slaughter, lemuel_doored_altar,
          yredelemnul_altar_generic
Temple:   cyrus_circular_temple
Lair:1:   st_stairs_10, beast_lair_carwin_11, grunt_megastairs_4,
          minmay_lair_oklob_chamber, uniq_nergalle
Bailey:   bailey_axe_bossmonster_kennysheep, bailey
IceCv:    ice_cave_statue_garden_chambered

Skill      XL: |  1  2  3  4  5  6  7  8  9 10 11 12 13 14 |
---------------+-------------------------------------------+-----
Stealth        | 2 3 4 5 |  5.7
Maces & Flails | 1 2 3 4 5 6 |  6.4
Dodging        | 2 3 4 5 6 |  6.5
Fighting       | 1 2 3 4 5 |  5.2
Spellcasting   | 3 4 5 6 7 8 9 10 | 10.1
Conjurations   | 5 6 7 8 9 10 11 | 11.3
Shields        | 1 2 3 5 6 8 9 |  9.8
Hexes          | 1 2 3 4 5 6 |  6.1
Staves         | 1 2 3 4 |  4.7
Short Blades   | 2 4 |  4.2
Charms         | 1 2 |  2.8
Air Magic      | 2 |  2.6
Evocations     | 2 3 |  3.3
Throwing       | |  0.3
Summonings     | |  0.4

Action                   |  1- 3 |  4- 6 |  7- 9 | 10-12 | 13-15 || total
-------------------------+-------+-------+-------+-------+-------++-------
Melee: Unarmed           |    17 |       |       |       |       ||    17
       Tailslap          |    11 |     1 |     9 |     8 |    46 ||    75
       Mace              |    57 |       |       |       |       ||    57
       Staff             |     7 |    12 |    84 |    37 |    76 ||   216
       Whip              |       |       |    19 |    11 |       ||    30
       Flail             |       |       |     3 |    41 |   128 ||   172
       Dagger            |       |       |     2 |    21 |    10 ||    33
Throw: Tomahawk          |       |       |     1 |       |    11 ||    12
       Stone             |       |       |     1 |       |     2 ||     3
 Cast: Magic Dart        |    58 |    31 |   118 |   133 |   119 ||   459
       Searing Ray       |     3 |    13 |    31 |     3 |     4 ||    54
       Dazzling Spray    |       |     5 |    21 |    38 |    49 ||   113
       Iskenderun's Myst |       |     8 |    41 |    60 |   161 ||   270
       Fulminant Prism   |       |       |    11 |    44 |    50 ||   105
       Iskenderun's Batt |       |       |       |     1 |     1 ||     2
       Summon Butterflie |       |       |       |       |     9 ||     9
       Tukima's Dance    |       |       |       |       |     4 ||     4
 Abil: Breathe Lightning |       |       |     2 |     4 |    12 ||    18
       Evoke Flight      |       |       |       |       |     4 ||     4
Evoke: Phantom mirror    |       |       |       |       |     1 ||     1
       Wand              |       |       |       |       |     6 ||     6
  Use: Potion            |     1 |       |     2 |    11 |     5 ||    19
       Scroll            |       |       |     9 |    14 |    19 ||    42
 Stab: Sleeping          |     1 |       |       |       |       ||     1
       Invisible         |       |       |     2 |     3 |     1 ||     6
       Confused          |       |       |       |     3 |       ||     3
  Eat: Chunk             |     4 |     7 |    16 |    18 |     3 ||    48
       Fruit             |       |       |     4 |     5 |       ||     9
       Meat ration       |       |       |     1 |     1 |     1 ||     3
       Royal jelly       |       |       |       |     2 |     3 ||     5
       Bread ration      |       |       |       |       |     5 ||     5
Armor: Skin              |    46 |    14 |    95 |    78 |   143 ||   376
Dodge: Dodged            |    63 |    26 |   135 |   133 |   214 ||   571
Block: Buckler           |       |       |    61 |    53 |    96 ||   210
